 Dungeon Crawl Stone Soup version 0.25-a0-589-g1e14c54 (webtiles) character file.

Game seed: 8705761175069678180, levelgen mode: deterministic

121 BlueFish the Skirmisher (level 4, 0/42 HPs)
             Began as a Minotaur Fighter on Mar 10, 2020.
             Slain by an orc wizard
             ... wielding a +0 dagger
              (4 damage)
             ... on level 3 of the Dungeon.
             The game lasted 00:02:18 (1784 turns).

BlueFish the Skirmisher (Minotaur Fighter)          Turns: 1784, Time: 00:02:19

Health: 0/42       AC: 10    Str: 21    XL:     4   Next: 76%
Magic:  3/3        EV: 10    Int:  5    God:
Gold:   118        SH:  0    Dex: 10    Spells: 3/3 levels left

rFire    . . .     SeeInvis .   a - +0 long sword
rCold    . . .     Gourm    .   (no shield)
rNeg     . . .     Faith    .   b - +0 scale mail
rPois    .         Spirit   .   (helmet restricted)
rElec    .         Reflect  .   o - +0 cloak
rCorr    .         Harm     .   e - +0 pair of gloves
MR       .....                  i - +0 pair of boots
Stlth    ..........             (no amulet)
HPRegen  0.14/turn              (no ring)
MPRegen  0.08/turn              (no ring)

@: no status effects
A: retaliatory headbutt, horns 2
a: no special abilities


You were on level 3 of the Dungeon.
You were not hungry.

You visited 1 branch of the dungeon, and saw 3 of its levels.

You collected 118 gold pieces.

Inventory:

Hand Weapons
 a - a +0 long sword (weapon)
Armour
 b - a +0 scale mail (worn)
 c - a +0 kite shield
 e - a +0 pair of gloves (worn)
 i - a +0 pair of boots (worn)
 o - a +0 cloak (worn)
Scrolls
 g - a scroll of enchant weapon {unknown}
 j - a scroll of magic mapping
 p - a scroll of remove curse
Potions
 d - 2 potions of might
 h - a potion of heal wounds {unknown}
 k - a potion of lignification {unknown}
 l - 3 potions of curing {unknown}
 m - a potion of cancellation {unknown}
 n - 2 potions of stabbing {unknown}
Comestibles
 f - 4 rations
 q - 4 chunks of flesh


   Skills:
 * Level 5.1 Fighting
 * Level 3.9 Long Blades
 * Level 4.2 Armour
 + Level 0.6 Dodging
 + Level 3.9 Shields


You had 3 spell levels left.
You didn't know any spells.
Your spell library was empty.

Dungeon Overview and Level Annotations

Branches:
Dungeon (3/15)

Altars:
Ru
Wu Jian
The Shining One


Innate Abilities, Weirdness & Mutations

You reflexively headbutt those who attack you in melee.
You have a pair of horns on your head.


Message History

The weapon returns to the orc!
Something completely misses you.
You closely miss something. The orc barely misses you.
The orc hits you with a +0 war axe.
The orc throws a boomerang.
The boomerang hits you.
The weapon returns to the orc!
You hear some strange, mumbled words.
A magic dart appears from out of thin air!
The magic dart hits you! The orc barely misses you.
You miss something. The orc hits you with a +0 war axe.
The orc closely misses you. The orc completely misses you.
The orc hits you with a +0 war axe!
* * * LOW HITPOINT WARNING * * *
The orc barely misses you. Something hits you but does no damage.
Okay, then.
You closely miss the orc. The orc misses you. You furiously retaliate!
You headbutt the orc!
You kill the orc!
The orc hits you.
* * * LOW HITPOINT WARNING * * *
Something hits you.
You die...

..# #..#
#..## ##...
##...#
#####8...##
#...#.....#
#._..)o...##
#...#.@(...#
## #8o....#
##....##
#.?..#
##..## #...#
##..## #...#
##..##


You could see 2 orcs.

Vanquished Creatures
  5 adders (D:2)
  An ooze (D:2)
  4 worms (D:2)
  3 leopard geckos
  2 orcs (D:3)
  3 giant cockroaches
  4 hobgoblins
  6 jackals (D:1)
  8 kobolds
  6 bats (D:1)
  2 frilled lizards
  5 goblins
  6 rats
55 creatures vanquished.

Notes
Turn   | Place    | Note
-------+----------+-------------------------------------------
     0 | D:1      | BlueFish the Minotaur Fighter began the quest for the Orb.
     0 | D:1      | Reached XP level 1. HP: 19/19 MP: 0/0
    98 | D:1      | Reached skill level 4 in Fighting
    98 | D:1      | Reached XP level 2. HP: 27/27 MP: 1/1
   567 | D:1      | Reached XP level 3. HP: 33/34 MP: 2/2
  1083 | D:2      | Found a faded altar of an unknown god.
  1099 | D:2      | Reached skill level 5 in Fighting
  1099 | D:2      | Reached XP level 4. HP: 37/42 MP: 3/3
  1155 | D:2      | Found an ornate altar of the Wu Jian Council.
  1309 | D:2      | Found a sacrificial altar of Ru.
  1771 | D:3      | Found a glowing golden altar of the Shining One.
  1784 | D:3      | Slain by an orc wizard

Levels and vault maps discovered:
D:1:      psy_arrival_dodecagon, layout_loops_corners, minivault_24,
          minmay_misc_feat_room, minmay_octomino_c4
D:2:      layout_basic, lemuel_doored_altar,
          chequers_ecumenical_altar_simple_redux, serial_bayou_pond_a,
          nicolae_ru_the_path_less_chosen
D:3:      layout_rooms, ebering_ghost_inner_flame, nicolae_tso_carved_into_rock,
          uniq_sigmund, uniq_natasha, uniq_crazy_yiuf_cottage

Skill      XL: |  1  2  3 |
---------------+----------+-----
Fighting       | 4 5 |  5.1
Long Blades    | 3 |  3.9
Armour         | 4 |  4.2
Dodging        | |  0.6
Shields        | |  3.9

Action                   |  1- 3 |  4- 6 || total
-------------------------+-------+-------++-------
Melee: Long sword        |    87 |    53 ||   140
       Headbutt          |    14 |    12 ||    26
  Use: Scroll            |     2 |     1 ||     3
  Eat: Chunk             |     1 |     2 ||     3
Armor: Scale mail        |    56 |    33 ||    89
Dodge: Dodged            |    52 |    34 ||    86
       Rpst.: Long sword |    15 |     8 ||    23

Table legend:
 A = Non-vault XP
 B = Vault XP
 C = Vault XP percentage of total XP
 D = Non-vault monster count
 E = Vault monster count
 F = Vault count percentage of total count
                 A         B        C        D         E       F
            +---------+---------+-------+---------+---------+-------
      Total |     164 |       9 |   5.2 |      49 |       6 |  10.9
            +---------+---------+-------+---------+---------+-------
        D:1 |      44 |       9 |  17.0 |      24 |       6 |  20.0
        D:2 |     109 |       0 |   0.0 |      20 |       0 |   0.0
        D:3 |      11 |       0 |   0.0 |       5 |       0 |   0.0
            +---------+---------+-------+---------+---------+-------
